 Dungeon Crawl Stone Soup version 0.22-a0-565-gfc6459a524 (webtiles) character file.

394 Hercules1031 the Chopper (level 6, -1/56 HPs)
             Began as a Hill Orc Monk on June 28, 2018.
             Slain by a scorpion (4 damage)
             ... on level 5 of the Dungeon.
             The game lasted 00:10:57 (4085 turns).

Hercules1031 the Chopper (Hill Orc Monk)            Turns: 4085, Time: 00:10:58

Health: -1/56      AC: 10    Str: 13 (16) XL:     6   Next: 82%
Magic:  6/6        EV: 11    Int: 10      God:
Gold:   148        SH:  0    Dex: 11 (15) Spells: 5/5 levels left

rFire    . . .     SeeInvis +   l - +3 flail
rCold    . . .     Gourm    .   (no shield)
rNeg     . . .     Faith    .   d - +0 ring mail
rPois    +         Spirit   .   (no helmet)
rElec    .         Reflect  .   (no cloak)
rCorr    .         Harm     .   (no gloves)
MR       .....                  f - +0 pair of boots
Stlth    +.........             (no amulet)
HPRegen  0.18/turn              p - ring of poison resistance
MPRegen  0.10/turn              j - ring of see invisible

@: no status effects
A: icy blue scales 1, yellow scales 1, agile 1, poison resistance
a: no special abilities


You were on level 5 of the Dungeon.
You were not hungry.

You visited 1 branch of the dungeon, and saw 5 of its levels.

You collected 148 gold pieces.

Inventory:

Hand Weapons
 a - a +1 hand axe
 l - a +3 flail (weapon)
Missiles
 k - 5 poisoned tomahawks (quivered)
Armour
 d - a +0 ring mail (worn)
 f - a +0 pair of boots (worn)
Jewellery
 i - an uncursed ring of resist corrosion
 j - a ring of see invisible (right hand)
 m - an uncursed ring of teleportation
 p - a ring of poison resistance (left hand)
Scrolls
 b - 4 scrolls of teleportation {unknown}
 e - a scroll of fear {unknown}
 g - a scroll of immolation {unknown}
 h - 2 scrolls of fog {unknown}
 o - a scroll of noise {unknown}
 q - a scroll of identify
Potions
 n - a potion of lignification {unknown}
Comestibles
 c - 3 rations


   Skills:
 + Level 5.4 Fighting
 + Level 6.0 Axes
 + Level 3.4 Armour
 + Level 3.6 Dodging
 - Level 1.5 Stealth


You had 5 spell levels left.
You didn't know any spells.
Your spell library was empty.

Dungeon Overview and Level Annotations

Branches:
Dungeon (5/15)
 Temple: D:4-7

Altars:
Fedhas
Gozag
Trog
Uskayaw
Zin

Shops:
D:4 *


Innate Abilities, Weirdness & Mutations

You are partially covered in icy blue scales. (AC +2)
You are partially covered in yellow scales. (AC +2)
You are agile. (Dex +2)
Your system is resistant to poisons. (rPois)


Message History

You are electrocuted!
The scorpion barely misses you.
You hit the orc wizard.
The orc wizard is severely wounded.
The orc hits you but does no damage. The orc closely misses you.
The orc wizard points at you and mumbles some strange words.
The puff of flame hits you! The scorpion stings you. The orc barely misses you.
You hit the orc wizard.
The orc wizard is almost dead.
The orc hits you but does no damage. The orc wizard barely misses you.
The scorpion stings you. The orc barely misses you. The orc closely misses you.
The scorpion stings you but does no damage.
The orc wizard closely misses you.
You closely miss the orc wizard.
The orc wizard is almost dead.
The orc hits you but does no damage.
The orc wizard hits you but does no damage.
You are electrocuted!
* * * LOW HITPOINT WARNING * * *
The scorpion stings you.
You die...

#. .. #. ##..
#####.#####...
.>..........#
............##
.............#
.............#
......soo<...#
<.....o@.....#
.............#
.............#
............##
.....#.....##
############


You could see a scorpion, an orc wizard (invisible) and 2 orcs.

Vanquished Creatures
  2 scorpions (D:4)
  2 crimson imps
  A bullfrog skeleton (D:4)
  An iguana (D:4)
  7 adders
  2 oozes
  An adder skeleton (D:4)
  4 worms
  3 dart slugs
  2 leopard geckos (D:3)
  3 orcs
  A ball python (D:2)
  6 bats
  5 giant cockroaches
  8 goblins
  8 hobgoblins
  3 jackals (D:2)
  7 kobolds
  A quokka (D:2)
  8 frilled lizards
  2 jackal skeletons (D:4)
  A leopard gecko skeleton (D:4)
  5 rats
83 creatures vanquished.

Notes
Turn   | Place    | Note
-------+----------+-------------------------------------------
     0 | D:1      | Hercules1031 the Hill Orc Monk began the quest for the Orb.
     0 | D:1      | Reached XP level 1. HP: 19/19 MP: 1/1
   208 | D:1      | Reached XP level 2. HP: 26/27 MP: 2/2
   335 | D:1      | Reached skill level 1 in Armour
   613 | D:2      | Noticed a crimson imp
   653 | D:2      | Killed a crimson imp
   653 | D:2      | Reached XP level 3. HP: 12/33 MP: 3/3
   903 | D:2      | Reached XP level 4. HP: 25/40 MP: 4/4
  1153 | D:2      | Found a bloodstained altar of Trog.
  1784 | D:2      | Reached skill level 5 in Axes
  1913 | D:2      | Reached XP level 5. HP: 47/47 MP: 5/5
  2352 | D:3      | Gained mutation: You are clumsy. (Dex -2) [potion of mutation]
  2352 | D:3      | Gained mutation: Your body sometimes deteriorates upon taking damage. [potion of mutation]
  2352 | D:3      | Gained mutation: You are partially covered in molten scales. (AC +2) [potion of mutation]
  2413 | D:3      | Found a hide-covered altar of Uskayaw.
  2447 | D:3      | Found a glowing silver altar of Zin.
  2902 | D:4      | Reached skill level 5 in Fighting
  2902 | D:4      | Reached XP level 6. HP: 23/56 MP: 6/6
  3815 | D:4      | Found an opulent altar of Gozag.
  3819 | D:4      | Found Gozag's Platinum Reserve.
  3855 | D:4      | Found a blossoming altar of Fedhas.
  3895 | D:4      | Reached skill level 6 in Axes
  3964 | D:4      | Lost mutation: You are clumsy. (Dex -2) [potion of mutation]
  3964 | D:4      | Lost mutation: Your body sometimes deteriorates upon taking damage. [potion of mutation]
  3964 | D:4      | Lost mutation: You are partially covered in molten scales. (AC +2) [potion of mutation]
  3964 | D:4      | Gained mutation: You are agile. (Dex +2) [potion of mutation]
  3964 | D:4      | Gained mutation: Your system is resistant to poisons. (rPois) [potion of mutation]
  3964 | D:4      | Gained mutation: You are partially covered in yellow scales. (AC +2) [potion of mutation]
  3964 | D:4      | Gained mutation: You are partially covered in icy blue scales. (AC +2) [potion of mutation]
  4072 | D:5      | Entered Level 5 of the Dungeon
  4085 | D:5      | Slain by a scorpion

Vault maps used:
D:1:      roderic_chinese_lattice_arrival
D:2:      lemuel_round_altar, first_ration, minmay_small_reverse_x
D:3:      old_standard_altar, nicolae_overflow_crystal_walls
D:4:      fedhas_altar_2, nicolae_gozag_zags_fifth_avenue
D:5:      cheibrodos_fertilizer, nicolae_ossuary_entry_catacombs

Skill      XL: |  1  2  3  4  5  6 |
---------------+-------------------+-----
Armour         | 1 2 3 |  3.4
Fighting       | 4 5 |  5.4
Dodging        | 3 |  3.6
Axes           | 5 6 |  6.0
Stealth        | |  1.5

Action                   |  1- 3 |  4- 6 || total
-------------------------+-------+-------++-------
Melee: Hand axe          |    86 |   143 ||   229
       Flail             |       |    98 ||    98
  Use: Potion            |     1 |     6 ||     7
       Scroll            |       |     5 ||     5
  Eat: Ration            |       |     4 ||     4
Armor: Ring mail         |    28 |   121 ||   149
Dodge: Dodged            |    46 |   179 ||   225

Table legend:
 A = Spawn XP
 B = Non-spawn XP
 C = Spawn XP percentage of total XP
 D = Spawn monster count
 E = Non-spawn monster count
 F = Spawn count percentage of total count
 G = Total turns spent on level
                    A         B        C        D         E        F      G
               +---------+---------+-------+---------+---------+-------+---------
         Total |       0 |     564 |   0.0 |       0 |      83 |   0.0 |  4085
               +---------+---------+-------+---------+---------+-------+---------
           D:1 |       0 |      29 |   0.0 |       0 |      16 |   0.0 |   565
           D:2 |       0 |     145 |   0.0 |       0 |      30 |   0.0 |  1633
           D:3 |       0 |      48 |   0.0 |       0 |      21 |   0.0 |   668
           D:4 |       0 |     339 |   0.0 |       0 |      15 |   0.0 |  1206
           D:5 |       0 |       3 |   0.0 |       0 |       1 |   0.0 |    13
               +---------+---------+-------+---------+---------+-------+---------
